Map: Année zéro EC

Players

Äerlins - Winner!

  • Race: Terran Terran
  • League: Diamond
  • Spawn Location: 1:00

Sorandom

  • Race: Zerg Zerg
  • League: Diamond
  • Spawn Location: 11:00

VOD

Have the link to the VOD?

Description

Time

  • Played on: April 9, 2019, 8:07 p.m.
  • Length: 9:44
Show
View Real Time Build Order
Export as new Build Order

Äerlins Terran - Winner!

Build Orders: Reaper Expand 

Get SALT Encoding   

  12  0:01  SCV  
  13  0:13  SCV  
  14  0:19  Supply Depot  
  14  0:26  SCV  
  15  0:41  SCV  
  16  0:42  Barracks  
  16  0:46  Refinery  
  16  0:53  SCV  
  17  1:05  SCV  
  18  1:17  SCV  
  19  1:31  Orbital Command  
  19  1:32  Reaper  
  20  1:46  Command Center  
  20  1:56  Supply Depot  
  20  1:57  SCV  
  21  2:12  Barracks Reactor  
  21  2:13  SCV  
  22  2:30  Factory  
  22  2:32  SCV  
  23  2:45  SCV  
  23  2:50  Marine x2  
  26  2:52  Refinery  
  26  2:57  SCV  
  27  3:00  Orbital Command  
  27  3:15  SCV  
  27  3:19  Starport  
  28  3:24  Barracks Tech Lab  
  28  3:26  Hellion x2  
  28  3:27  SCV  
  33  3:32  SCV  
  33  3:33  Barracks  
  34  3:39  SCV  
  35  3:44  SCV  
  36  3:50  Hellion x2  
  36  3:51  Supply Depot, SCV  
  36  3:55  Starport Reactor  
  41  3:56  SCV  
  42  4:03  SCV  
  42  4:08  SCV  
  44  4:10  Supply Depot  
  44  4:13  Supply Depot  
  44  4:14  Stimpack  
  44  4:15  SCV  
  44  4:20  Hellion x2  
  44  4:21  SCV  
  44  4:22  Barracks Tech Lab  
  49  4:27  SCV  
  49  4:29  Armory  
  50  4:33  SCV  
  50  4:35  Marauder  
  40  4:38  Medivac  
  53  4:41  Hellion  
  53  4:44  Marauder  
  59  4:49  SCV x2  
  59  4:52  Medivac  
  63  4:57  Refinery  
  64  5:07  SCV x2  
  64  5:08  Marauder  
  64  5:09  Marauder  
  67  5:24  Hellion  
  69  5:49  Marauder x2, Hellion x2  
  77  5:52  Command Center  
  77  6:29  Terran Vehicle Weapons Level 1  
  77  6:30  Medivac  
  77  6:31  Supply Depot  
  77  6:32  Hellion  
  77  6:35  Engineering Bay  
  77  6:37  Engineering Bay  
  77  6:52  Medivac  
  77  6:53  Marauder x2, Hellion  
  85  7:04  Medivac, Hellion  
  81  8:01  Marauder x2  
  81  8:02  Hellion x2  
  85  8:22  Marauder  
  85  8:23  Marauder, Hellion  
  85  8:24  Hellion  
  93  8:44  Marauder x2  
  93  8:45  Hellion x2  
Show
View Real Time Build Order
Export as new Build Order

Sorandom Zerg 

Build Orders: Pool First 

Get SALT Encoding   

  12  0:01  Drone  
  13  0:13  Overlord  
  13  0:19  Drone  
  14  0:31  Drone x2  
  16  0:36  Drone  
  17  0:50  Spawning Pool  
  17  0:51  Drone  
  17  0:57  Extractor  
  17  0:58  Drone  
  17  1:22  Hatchery  
  17  1:24  Drone  
  18  1:25  Drone  
  18  1:37  Zergling x2  
  19  1:42  Zergling x2  
  19  1:45  Queen  
  22  1:53  Overlord  
  22  2:08  Metabolic Boost  
  22  2:12  Drone x2  
  24  2:21  Queen  
  26  2:29  Drone  
  27  2:37  Drone x2  
  27  2:39  Queen  
  30  2:45  Drone  
  30  2:46  Drone  
  32  3:13  Zergling x4  
  32  3:14  Drone  
  35  3:23  Overlord x2  
  35  3:27  Lair  
  35  3:30  Hatchery  
  35  3:33  Drone  
  35  3:46  Drone x7  
  42  3:56  Drone x3  
  42  3:57  Drone  
  42  4:00  Drone  
  47  4:05  Extractor  
  47  4:08  Spore Crawler  
  45  4:12  Drone  
  45  4:15  Extractor  
  45  4:16  Drone x4  
  49  4:22  Drone  
  50  4:26  Drone  
  50  4:28  Extractor  
  50  4:35  Spire  
  49  4:40  Evolution Chamber  
  49  4:41  Evolution Chamber  
  49  4:43  Baneling Nest  
  49  4:45  Drone x3  
  49  4:49  Queen  
  49  4:52  Drone  
  52  5:03  Drone  
  52  5:04  Drone x4  
  57  5:10  Zerg Ground Armor Level 1  
  57  5:11  Zerg Melee Weapons Level 1  
  57  5:15  Overlord  
  56  5:32  Zergling x4  
  56  5:34  Roach Warren  
  57  5:37  Spine Crawler  
  57  5:40  Spine Crawler  
  55  5:43  Spine Crawler, Queen  
  55  5:44  Queen  
  55  5:45  Drone x2  
  55  5:46  Drone  
  61  5:58  Zergling x2  
  61  5:59  Zergling x8  
  64  6:22  Zergling x2  
  64  6:25  Roach  
Tags
 
Add a new tag
Caveats
  • Supply blocks, unpowered buildings, or Contaminate may cause inaccurate times.
  • Supply counts are checked every 10 seconds.